Map: Eternal Empire LE

Players

antagomiR - Winner!

  • Race: Protoss Protoss
  • League: Gold
  • Spawn Location: 7:00

VOD

Have the link to the VOD?

Description

Time

  • Played on: April 12, 2020, 1:30 p.m.
  • Length: 11:44
Show
View Real Time Build Order
Export as new Build Order

antagomiR Protoss - Winner!

Build Orders:  

Get SALT Encoding   

  12  0:10  Probe  
  12  0:22  Probe  
  12  0:26  Pylon  
  12  0:34  Probe  
  12  0:50  Gateway  
  12  0:52  Probe (Chrono Boost)  
  12  1:04  Probe (Chrono Boost)  
  12  1:07  Assimilator  
  12  1:09  Probe (Chrono Boost)  
  12  1:21  Probe  
  12  1:33  Probe  
  12  1:43  Cybernetics Core  
  12  1:47  Probe  
  12  1:57  Nexus  
  12  2:03  Pylon  
  12  2:05  Probe  
  12  2:10  Assimilator  
  12  2:17  Probe  
  12  2:24  Warp Gate (Chrono Boost)  
  12  2:29  Probe  
  12  2:30  Adept  
  12  2:40  Robotics Facility  
  12  2:44  Probe  
  12  2:56  Probe  
  12  2:59  Pylon  
  12  3:08  Probe  
  12  3:18  Probe  
  12  3:20  Gateway x2  
  12  3:21  Probe  
  12  3:30  Probe, Observer  
  12  3:33  Probe  
  12  3:38  Stalker  
  12  3:47  Probe x2  
  12  3:51  Observer  
  12  3:59  Probe x2  
  12  4:08  Sentry  
  12  4:11  Probe x2  
  12  4:16  Immortal  
  12  4:19  Pylon, Stalker  
  12  4:24  Probe x2, Pylon  
  12  4:28  Pylon  
  12  4:38  Stalker  
  12  4:49  Probe  
  12  4:50  Probe  
  12  4:56  Assimilator  
  12  5:00  Assimilator  
  12  5:02  Probe x2  
  12  5:07  Robotics Bay  
  12  5:09  Forge, Nexus  
  12  5:14  Probe x2  
  12  5:23  Sentry x2  
  12  5:38  Probe  
  12  5:39  Probe, Pylon  
  12  5:42  Pylon  
  12  5:44  Immortal  
  12  5:47  Protoss Ground Weapons Level 1 (Chrono Boost)  
  12  5:50  Probe  
  12  5:51  Probe  
  12  5:53  Pylon  
  12  5:55  Pylon  
  12  6:03  Probe x2  
  12  6:13  Pylon  
  12  6:15  Probe x2  
  12  6:22  Gateway x2  
  12  6:24  Gateway  
  12  6:26  Gateway  
  12  6:28  Gateway  
  12  6:32  Adept x2  
  12  6:38  Immortal  
  12  6:42  Probe x3  
  12  6:55  Probe x3  
  12  7:02  Pylon  
  12  7:07  Sentry  
  12  7:09  Stalker  
  12  7:12  Probe x3  
  12  7:16  Colossus  
  12  7:24  Probe x3  
  12  7:36  Probe x2  
  12  7:37  Twilight Council  
  12  7:39  Probe  
  12  7:45  Zealot x2  
  12  7:46  Zealot x4  
  12  7:47  Zealot x2  
  12  7:48  Probe  
  12  7:53  Probe x2  
  12  8:00  Probe  
  12  8:05  Probe x2  
  12  8:12  Probe  
  12  8:14  Assimilator  
  12  8:18  Assimilator  
  12  8:23  Templar Archives  
  12  8:26  Zealot x2  
  12  8:27  Zealot x2  
  12  8:48  Forge  
  12  9:00  Photon Cannon  
  12  9:05  Photon Cannon  
  12  9:06  Photon Cannon  
  12  9:07  Photon Cannon  
  12  9:11  Photon Cannon  
  12  9:17  Photon Cannon  
  12  9:19  Photon Cannon  
  12  9:20  Protoss Ground Weapons Level 2 (Chrono Boost)  
  12  9:21  Protoss Ground Armor Level 1 (Chrono Boost)  
  12  9:23  Pylon  
  12  9:28  Pylon  
  12  9:29  Pylon  
  12  9:32  Pylon  
  12  9:34  Pylon  
  12  9:36  Pylon  
  12  9:40  Colossus  
  12  9:44  Zealot  
  12  9:46  High Templar x2  
  12  9:47  High Templar x3  
  12  9:51  Archon x2  
  12  9:54  High Templar x2  
  12  9:59  Archon  
  12  10:10  Zealot  
  12  10:33  Nexus  
  12  10:35  Pylon  
  12  10:37  Pylon  
  12  10:39  Pylon  
  12  10:41  Zealot x5  
  12  10:42  Stargate x2, Zealot x3  
  12  11:02  High Templar x3  
  12  11:03  High Templar x5  
  12  11:06  Archon  
  12  11:07  Archon x2  
  12  11:08  Archon  
Tags
 
League
Gold
Replay Pack
20200422
Add a new tag
Caveats
  • Supply blocks, unpowered buildings, or Contaminate may cause inaccurate times.
  • Supply counts are checked every 10 seconds.